 Dungeon Crawl Stone Soup version 0.23.2 (webtiles) character file.

Game seed: 14040811526513696845

44050 Peloso the Fencer (level 13, -1/118 HPs)
             Began as a Minotaur Fighter on Apr 6, 2019.
             Was the Champion of Okawaru.
             Splashed by an oklob plant's acid (3 damage)
             ... on level 5 of the Lair of Beasts.
             The game lasted 00:46:37 (21328 turns).

Peloso the Fencer (Minotaur Fighter)               Turns: 21328, Time: 00:46:38

Health: -1/118     AC: 12    Str: 25    XL:     13   Next: 94%
Magic:  14/14      EV: 11    Int: 11    God:    Okawaru [******]
Gold:   1290       SH: 17    Dex: 11    Spells: 12/12 levels left

rFire    . . .     SeeInvis .   a - +4 scimitar of Arrival {freeze, rC- Int+6}
rCold    x . .     Gourm    .   c - +1 shield
rNeg     . . .     Faith    .   t - +0 plate armour
rPois    .         Spirit   .   o - +1 hat
rElec    .         Reflect  .   l - +0 cloak
rCorr    +         Harm     .   S - +0 pair of gloves
MR       .....                  R - +2 pair of boots {run}
Stlth    ..........             p - amulet of rage
HPRegen  0.29/turn              x - ring of resist corrosion
MPRegen  0.14/turn              P - +6 ring of protection

@: heroism, corroded, lightly drained, quick
A: retaliatory headbutt, horns 2
a: Heroism, Finesse, Renounce Religion, Evoke Berserk Rage


You were on level 5 of the Lair of Beasts.
You worshipped Okawaru.
Okawaru was exalted by your worship.
You were not hungry.

You visited 3 branches of the dungeon, and saw 19 of its levels.

You collected 1430 gold pieces.
You spent 140 gold pieces at shops.

Inventory:

Hand Weapons
 a - the +4 scimitar of Arrival (weapon) {freeze, rC- Int+6}
   (Okawaru gifted it to you on level 2 of the Lair of Beasts)

   It has been specially enchanted to freeze those struck by it, causing extra
   injury to most foes and up to half again as much damage against particularly
   susceptible opponents.
   It can also slow down cold-blooded creatures.
   It affects your intelligence (+6).
   It makes you vulnerable to cold.
 q - a cursed -3 hand crossbow
Armour
 b - a +0 scale mail
 c - a +1 shield (worn)
 l - a +0 cloak (worn)
 o - a +1 hat (worn)
 t - a +0 plate armour (worn)
 R - a +2 pair of boots of running (worn)
 S - a +0 pair of gloves (worn)
Jewellery
 j - an uncursed ring of flight
 p - an amulet of rage (around neck)
 x - a ring of resist corrosion (left hand)
 F - an uncursed ring of protection from cold
 H - an uncursed ring of protection from fire {unknown}
 P - a +6 ring of protection (right hand)
Wands
 h - a wand of clouds (4)
 C - a wand of iceblast (4)
 D - a wand of disintegration (11)
 E - a wand of flame (42)
 G - a wand of enslavement (13)
 I - a wand of polymorph (18)
 K - a wand of scattershot (12)
 L - a wand of acid (22)
 O - a wand of digging (13)
Scrolls
 d - 3 scrolls of holy word
 e - 7 scrolls of remove curse
 g - 3 scrolls of enchant armour
 i - 2 scrolls of enchant weapon
 k - 8 scrolls of teleportation
 v - 2 scrolls of amnesia
 y - a scroll of noise
 z - 6 scrolls of magic mapping
 A - 2 scrolls of summoning {unknown}
 B - 3 scrolls of fear {unknown}
 M - 3 scrolls of fog
Potions
 m - 3 potions of ambrosia
 n - 2 potions of cancellation
 s - 2 potions of haste
 w - a potion of brilliance
 J - a potion of flight
 N - 2 potions of curing
 Q - 2 potions of berserk rage
 T - 2 potions of magic
Comestibles
 f - 32 rations


   Skills:
 + Level 12.2(16.9) Fighting
 + Level 15.6(20.2) Long Blades
 + Level 13.6(18.2) Armour
 + Level 3.6(8.3) Dodging
 + Level 2.3(7.1) Stealth
 + Level 14.7(19.3) Shields
 + Level 3.5(3.2) Invocations


You had 12 spell levels left.
You didn't know any spells.
Your spell library contained the following spells:

 Spells                   Type           Power        Failure   Level  Hunger
 Confusing Touch          Hex            #.....       91%         1    ##.....
 Corona                   Hex            #......      91%         1    ##.....
 Flame Tongue             Conj/Fire      #....        91%         1    ##.....
 Shock                    Conj/Air       #...         91%         1    ##.....
 Summon Butterflies       Summ           #.......     91%         1    ##.....
 Ensorcelled Hibernation  Hex/Ice        #.....       97%         2    ###....
 Slow                     Hex            #.......     97%         2    ###....
 Swiftness                Chrm/Air       #.......     97%         2    ###....
 Throw Flame              Conj/Fire      #.....       97%         2    ###....
 Call Canine Familiar     Summ           #.......     99%         3    ####...
 Confuse                  Hex            #.......     99%         3    ####...
 Conjure Flame            Conj/Fire      #.......     99%         3    ####...
 Dazzling Spray           Conj/Hex       #.....       99%         3    ####...
 Gell's Gravitas          Tloc           #.........   99%         3    ####...
 Inner Flame              Hex/Fire       #.......     99%         3    ####...
 Portal Projectile        Hex/Tloc       #.....       99%         3    ####...
 Static Discharge         Conj/Air       #.......     99%         3    ####...
 Tukima's Dance           Hex            #.......     99%         3    ####...
 Airstrike                Air            #.........   100%        4    #####..
 Cause Fear               Hex            #.........   100%        4    #####..
 Leda's Liquefaction      Hex/Erth       #.........   100%        4    #####..
 Petrify                  Tmut/Erth      #.......     100%        4    #####..
 Sticky Flame             Conj/Fire      #.......     100%        4    #####..
 Summon Ice Beast         Ice/Summ       #.......     100%        4    #####..
 Fireball                 Conj/Fire      #.........   100%        5    ######.
 Lightning Bolt           Conj/Air       #.........   100%        5    ######.
 Metabolic Englaciation   Hex/Ice        #.........   100%        5    ######.
 Summon Mana Viper        Hex/Summ       #.......     100%        5    ######.
 Yara's Violent Unravell  Hex/Tmut       #.........   100%        5    ######.
 Summon Hydra             Summ           #.........   100%        7    #######


Dungeon Overview and Level Annotations

Branches:
Dungeon (13/15)            Temple (1/1) D:4            Lair (5/6) D:8
  Swamp (0/4) Lair:2       Spider (0/4) Lair:4          Orc (0/2) D:9
  Slime: Lair:5-6    Vaults: D:13-14

Altars:
Ashenzari
Cheibriados
Dithmenos
Elyvilon
Fedhas
Gozag
Hepliaklqana
Kikubaaqudgha
Makhleb
Nemelex Xobeh
Okawaru
Qazlal
Ru
Sif Muna
Trog
Uskayaw
Vehumet
Wu Jian
Xom
Yredelemnul
Zin
The Shining One
Jiyva

Shops:
D:5 (   D:8 !   D:9 [   D:10 :   D:13 [

Annotations:
Lair:1 1 runed translucent door, Wuochyse's ghost, journeyman DEWz
Lair:5 exclusion: 4 oklob plants


Innate Abilities, Weirdness & Mutations

You reflexively headbutt those who attack you in melee.
You have a pair of horns on your head.


Message History

* * * LOW HITPOINT WARNING * * *
The oklob plant spits acid at you.
The splash of acid hits you but does no damage.
You are splashed with acid.
You resist.
* * * LOW HITPOINT WARNING * * *
The oklob plant spits acid at you. The splash of acid hits you. You resist.
* * * LOW HITPOINT WARNING * * *
You are splashed with acid.
You resist.
* * * LOW HITPOINT WARNING * * *
The oklob plant spits acid at you. The splash of acid hits you. You resist.
* * * LOW HITPOINT WARNING * * *
You are splashed with acid!
You resist.
* * * LOW HITPOINT WARNING * * *
The oklob plant spits acid at you. The splash of acid hits you. You resist.
* * * LOW HITPOINT WARNING * * *
The acid corrodes you!
You are splashed with acid.
You resist.
You die...

#}..?P# #.P:..# #[.P$.#
#.P$.[# #$..$.# ... #..
...#PPP..## ### ...###..
#.......# #P## #......
#P......###..# #...P.
#...#..#@##...## ####P.P.
..#......#..#...###...PP..
.............#.#..#.....PP.
###.....#####%.#.......##..
.....# ##..[.....#####
###.. #.###...#### # #..
#.P#.....#P# # #
+..........# #
#.....<#..###


You could see 3 oklob plants.

Vanquished Creatures
  Gastronok (Lair:2)
  A minotaur (Lair:4)
  The ghost of rorsh the Destroyer, a journeyman DEWz of Sif Muna (Lair:4)
  An ogre mage (D:11)
  5 hydras
  7 two-headed ogres
  3 centaur warriors (D:13)
  Nergalle (Lair:2)
  Urug (D:12)
  An unseen horror (D:11)
  An ugly thing (D:11)
  3 deep elf magi
  7 slime creatures
  3 cyclopes
  2 centaur zombies
  A black mamba (Lair:4)
  A guardian serpent (D:11)
  A gargoyle (D:11)
  Maurice (D:13)
  A kobold demonologist (D:12)
  2 spiny frogs
  7 komodo dragons
  A tengu conjurer (D:13)
  The ghost of Gunterle the Cutter, a novice KoWn of Dithmenos (D:4)
  3 trolls
  A jumping spider (Lair:3)
  A hornet (D:8)
  A dream sheep (Lair:5)
  A blink frog (Lair:5)
  9 hippogriffs
  A spriggan (D:8)
  3 shadows
  2 wyverns (D:8)
  22 yaks
  4 basilisks
  4 vampire mosquitoes (D:13)
  A hungry ghost (D:13)
  2 acid dragons
  5 porcupines
  12 water moccasins
  4 black bears
  3 ice beasts
  4 phantoms
  9 orc warriors
  2 sky beasts
  4 eyes of draining
  12 wolves
  6 ogres
  7 centaurs
  7 crocodiles
  3 big kobolds
  7 bullfrogs
  A wyvern zombie (D:13)
  2 wyvern skeletons
  A scorpion (D:3)
  15 killer bees
  2 electric eels
  8 crimson imps
  A quasit (D:11)
  A bullfrog zombie (D:8)
  13 orc priests
  6 hounds
  6 jellies
  4 centaur skeletons
  7 hell rats (Lair:5)
  2 iguanas
  7 worker ants
  Natasha (D:1)
  9 orc wizards
  A worker ant zombie (D:9)
  12 adders
  A gnoll (D:7)
  A river rat (D:4)
  3 shadow imps
  An ooze (D:1)
  2 adder zombies
  An adder skeleton (D:4)
  4 worms
  2 dart slugs
  4 leopard geckos
  56 orcs
  4 ball pythons
  10 bats
  2 giant cockroaches
  6 hobgoblins
  11 jackals
  7 quokkas
  2 frilled lizards
  11 goblins
  22 kobolds
  2 leopard gecko skeletons
  A leopard gecko zombie (D:8)
  15 rats
  A fungus (Lair:4)
  A plant (Lair:5)
463 creatures vanquished.

Vanquished Creatures (others)
  A spiny frog (Lair:5)
  3 fungi
  5 plants (Lair:5)
9 creatures vanquished.

Grand Total: 472 creatures vanquished

Notes
Turn   | Place    | Note
-------+----------+-------------------------------------------
     0 | D:1      | Peloso the Minotaur Fighter began the quest for the Orb.
     0 | D:1      | Reached XP level 1. HP: 19/19 MP: 0/0
   114 | D:1      | Reached XP level 2. HP: 24/27 MP: 1/1
   203 | D:1      | Reached XP level 3. HP: 17/33 MP: 2/2
   476 | D:1      | Reached skill level 3 in Long Blades
   786 | D:2      | Noticed Natasha
   892 | D:1      | Reached skill level 1 in Dodging
   896 | D:1      | Killed Natasha
   896 | D:1      | Reached XP level 4. HP: 31/40 MP: 3/3
   971 | D:2      | Found a snail-covered altar of Cheibriados.
  1504 | D:3      | Reached XP level 5. HP: 47/47 MP: 4/4
  1516 | D:3      | Reached skill level 4 in Long Blades
  1516 | D:3      | Reached skill level 5 in Shields
  1765 | D:3      | Reached XP level 6. HP: 51/53 MP: 5/5
  2128 | D:3      | Found an opulent altar of Gozag.
  2302 | D:4      | Found a shadowy altar of Dithmenos.
  2627 | D:4      | Reached skill level 5 in Long Blades
  2642 | D:4      | Found a runed translucent gate.
  2642 | D:4      | Noticed Gunterle's ghost (novice KoWn)
  2643 | D:4      | Found a runed translucent gate.
  2644 | D:4      | Found a runed translucent gate.
  2703 | D:4      | Found a staircase to the Ecumenical Temple.
  2779 | D:4      | Reached skill level 5 in Fighting
  3147 | D:5      | Entered Level 5 of the Dungeon
  3396 | D:5      | Reached XP level 7. HP: 52/61 MP: 6/6
  3400 | D:4      | Reached skill level 5 in Armour
  3561 | D:5      | Found Nauppomokk's Antique Weapon Boutique.
  3666 | D:5      | Found a sacrificial altar of Ru.
  3730 | D:5      | Found a glowing silver altar of Zin.
  4081 | D:6      | Reached skill level 6 in Long Blades
  4136 | D:6      | Reached skill level 1 in Stealth
  4515 | D:6      | Reached XP level 8. HP: 18/70 MP: 7/7
  4857 | Temple   | Entered the Ecumenical Temple
  5061 | D:6      | Noticed an air elemental
  5077 | D:6      | Found a stormy altar of Qazlal.
  5270 | D:6      | Reached skill level 7 in Long Blades
  5329 | D:6      | Found a blossoming altar of Fedhas.
  6200 | D:7      | Found an iron altar of Okawaru.
  6201 | D:7      | Found a bloodstained altar of Trog.
  6208 | D:7      | Became a worshipper of Warmaster Okawaru
  6468 | D:7      | Found a hide-covered altar of Uskayaw.
  6898 | D:8      | Noticed a hornet
  6909 | D:8      | Paralysed by a hornet for 1 turns
  6911 | D:8      | Killed a hornet
  6911 | D:8      | Reached skill level 8 in Long Blades
  7341 | D:8      | Reached XP level 9. HP: 78/78 MP: 8/8
  7483 | D:8      | HP: 3/78 [poisoned by a killer bee]
  7501 | D:8      | Reached * piety under Okawaru
  8038 | D:8      | Found Gire's Distillery.
  8046 | D:8      | Bought a potion of berserk rage for 70 gold pieces
  8046 | D:8      | Bought a potion of heal wounds for 70 gold pieces
  8058 | D:8      | Found a shimmering altar of Xom.
  8170 | D:8      | Noticed a komodo dragon
  8189 | D:8      | Killed a komodo dragon
  8347 | D:8      | Reached skill level 9 in Long Blades
  8396 | D:8      | Reached ** piety under Okawaru
  8762 | D:8      | Found a staircase to the Lair.
  9095 | D:4      | Reached skill level 10 in Long Blades
  9163 | D:4      | Killed Gunterle's ghost
  9163 | D:4      | Reached XP level 10. HP: 51/86 MP: 5/9
  9324 | D:9      | Found Cozia's Armour Shop.
  9325 | D:9      | Found a staircase to the Orcish Mines.
  9552 | D:9      | Found a bloodstained altar of Trog.
 10698 | D:9      | Reached skill level 11 in Long Blades
 10825 | D:9      | Reached *** piety under Okawaru
 11057 | D:10     | Entered Level 10 of the Dungeon
 11090 | D:10     | Found a bloodstained altar of Trog.
 11132 | D:10     | Found Sustragih's Book Shop.
 11211 | D:10     | Reached skill level 10 in Shields
 12098 | D:11     | Reached skill level 10 in Armour
 12175 | D:11     | Killed an unseen horror
 12175 | D:11     | Reached **** piety under Okawaru
 12198 | D:11     | Noticed a cyclops
 12209 | D:11     | Killed a cyclops
 12216 | D:11     | Reached XP level 11. HP: 43/95 MP: 10/10
 12466 | D:11     | Reached skill level 12 in Long Blades
 12673 | D:11     | Received a gift from Okawaru
 12713 | D:11     | Reached ***** piety under Okawaru
 13547 | D:11     | Noticed a seven-headed hydra
 13676 | Lair:1   | Entered Level 1 of the Lair of Beasts
 14123 | Lair:1   | Found a runed translucent door.
 14123 | Lair:1   | Noticed Wuochyse's ghost (journeyman DEWz)
 14190 | Lair:1   | Reached skill level 13 in Long Blades
 14744 | Lair:2   | Found a staircase to the Swamp.
 14975 | Lair:2   | Noticed Nergalle
 15350 | Lair:2   | Received a gift from Okawaru
 15367 | Lair:2   | Got a slimy scimitar {god gift}
 15368 | Lair:2   | Identified the +4 scimitar of Arrival {freeze, rC- Int+6}
                  | (Okawaru gifted it to you on level 2 of the Lair of Beasts)
 15595 | Lair:2   | Killed Nergalle
 15595 | Lair:2   | Reached skill level 1 in Invocations
 15595 | Lair:2   | Reached XP level 12. HP: 102/105 MP: 3/11
 15648 | Lair:2   | Noticed Gastronok
 15657 | Lair:2   | Killed Gastronok
 15944 | Lair:3   | Noticed a seven-headed hydra
 15958 | Lair:3   | Killed a ten-headed hydra
 16511 | Lair:3   | Reached skill level 14 in Long Blades
 16514 | Lair:3   | Reached skill level 10 in Fighting
 16715 | Lair:4   | Found a runed translucent gate.
 16715 | Lair:4   | Found a runed translucent gate.
 16722 | Lair:4   | Noticed an eight-headed hydra
 16723 | Lair:4   | Found a runed translucent gate.
 16725 | Lair:4   | Noticed a minotaur
 16725 | Lair:4   | Noticed rorsh's ghost (journeyman DEWz)
 16835 | Lair:4   | Noticed a seven-headed hydra
 16869 | Lair:4   | Found a hole to the Spider Nest.
 17080 | D:11     | Killed a ten-headed hydra
 17280 | D:11     | Reached ****** piety under Okawaru
 17417 | D:12     | Noticed a two-headed ogre
 17424 | D:12     | Killed a two-headed ogre
 17424 | D:12     | Received a gift from Okawaru
 17433 | D:12     | Identified a +2 pair of boots of running (Okawaru gifted it
                  | to you on level 12 of the Dungeon)
 17615 | D:12     | Noticed an ogre mage
 17615 | D:12     | Noticed a two-headed ogre
 17615 | D:12     | Noticed a two-headed ogre
 17615 | D:12     | Noticed a two-headed ogre
 17653 | D:11     | Killed a two-headed ogre
 17781 | D:12     | Noticed a two-headed ogre
 17781 | D:12     | Noticed a two-headed ogre
 17781 | D:12     | Noticed a two-headed ogre
 17786 | D:12     | Killed a two-headed ogre
 17793 | D:11     | Killed a two-headed ogre
 17793 | D:11     | Reached XP level 13. HP: 96/116 MP: 14/14
 18261 | D:12     | Noticed Urug
 18305 | D:12     | Killed Urug
 18305 | D:12     | Reached skill level 15 in Long Blades
 18897 | D:13     | Noticed Maurice
 18906 | D:13     | Killed Maurice
 19023 | D:13     | Found Misesk's Antique Armour Shoppe.
 19264 | D:13     | Received a gift from Okawaru
 20356 | Lair:4   | Killed rorsh's ghost
 20364 | Lair:4   | Killed a minotaur
 21327 | Lair:5   | HP: 5/118 [acid (7)]
 21328 | Lair:5   | HP: 2/118 [oklob plant/splash of acid (4)]
 21328 | Lair:5   | Splashed by an oklob plant's acid

Skill      XL: |  1  2  3  4  5  6  7  8  9 10 11 12 13 |
---------------+----------------------------------------+-----
Shields        | 4 5 6 7 9 10 12 13 14 | 14.7
Armour         | 4 6 7 9 10 11 12 13 | 13.6
Long Blades    | 3 4 5 6 8 10 11 13 14 15 | 15.6
Fighting       | 4 5 6 7 8 9 11 12 | 12.2
Dodging        | 1 2 3 |  3.6
Stealth        | 1 2 |  2.3
Invocations    | 1 2 3 |  3.5

Action                   |  1- 3 |  4- 6 |  7- 9 | 10-12 | 13-15 || total
-------------------------+-------+-------+-------+-------+-------++-------
Melee: Long sword        |    94 |   191 |   366 |    66 |       ||   717
       Headbutt          |    11 |    29 |    60 |   186 |    84 ||   370
       Falchion          |       |       |    52 |     2 |       ||    54
       Scimitar          |       |       |       |   700 |   308 ||  1008
Invok: Heroism           |       |       |     6 |     8 |     6 ||    20
       Finesse           |       |       |       |     3 |     2 ||     5
  Use: Scroll            |       |     4 |     8 |    13 |     1 ||    26
       Potion            |       |       |    11 |     4 |     1 ||    16
  Eat: Chunk             |       |     8 |    12 |    25 |    11 ||    56
       Ration            |       |       |     2 |     1 |       ||     3
Armor: Scale mail        |    54 |    74 |       |       |       ||   128
       Plate armour      |       |     9 |   198 |   278 |   148 ||   633
Dodge: Dodged            |    53 |    45 |    90 |   146 |    76 ||   410
Block: Shield            |    74 |   110 |   250 |   471 |   242 ||  1147
       Rpst.: Long sword |    11 |    11 |    25 |     1 |       ||    48
       Falchion          |       |       |     4 |       |       ||     4
       Scimitar          |       |       |       |    34 |    16 ||    50
